 Dungeon Crawl Stone Soup version 0.19-a0-4-ga5c5ac4 (webtiles) character file.

4130 HaroldButt the Martial Artist (level 10, -7/80 HPs)
             Began as a Naga Transmuter on Apr 28, 2016.
             Was an Elder of Okawaru.
             Killed by the air
             ... invoked by Gastronok
              (16 damage)
             ... on level 8 of the Dungeon.
             The game lasted 03:08:54 (9390 turns).

HaroldButt the Martial Artist (Naga Transmuter)     Turns: 9390, Time: 03:08:55

Health: -7/80      AC:  2    Str: 14    XL:     10   Next: 27%
Magic:  10/13      EV: 27    Int: 13    God:    Okawaru [****..]
Gold:   371        SH:  0    Dex: 19    Spells: 4 memorised, 2 levels left

rFire  . . .     SeeInvis +       - Unarmed
rCold  . . .     Gourm    .     (armour currently unavailable)
rNeg   . . .     Faith    .     (shield currently unavailable)
rPois  x         Spirit   .     (helmet currently unavailable)
rElec  .         Dismiss  .     (cloak currently unavailable)
rCorr  .         Reflect  .     (gloves currently unavailable)
SustAt .         Harm     .     (no barding)
MR     ++...                    (no amulet)
Stlth  +++.......               p - ring of stealth
                                s - ring of protection from magic

@: spider-form, very resistant to hostile enchantments, fairly stealthy
A: see invisible, (deformed body), (poison resistance), (slowness 0), slow
metabolism 1, spit poison 2, AC +3
a: Spit Poison, End Transformation, Heroism, Renounce Religion


You were on level 8 of the Dungeon.
You worshipped Okawaru.
Okawaru was greatly pleased with you.
You were not hungry.
You were a venomous arachnid creature.
You visited 2 branches of the dungeon, and saw 9 of its levels.
You also visited: Sewer.

You collected 371 gold pieces.

Inventory:

Missiles
 a - 68 arrows
 u - 5 curare-tipped needles
Armour
 b - a +0 robe (melded)
 e - a +0 large shield
 r - a +1 pair of gloves (melded)
 y - the +0 leather armour of Ennui {rF- Regen+ Int+2 Dex+4}
   (You found it in a sewer)

   It affects your intelligence (+2).
   It affects your dexterity (+4).
   It makes you vulnerable to fire.
   It increases your rate of regeneration.
 D - a +2 cloak (melded)
Jewellery
 j - an uncursed amulet of harm
 p - a ring of stealth (right front leg)
 s - a ring of protection from magic (left front leg)
Wands
 q - a wand of slowing (10/48)
Scrolls
 g - 2 scrolls of identify
 l - 3 scrolls of teleportation
 o - 3 scrolls of blinking
 v - a scroll of enchant weapon
 w - a scroll of fear
 x - a scroll of fog
 B - 2 scrolls of remove curse
Potions
 f - 4 potions of haste
 h - 4 potions of flight
 i - 4 potions of brilliance
 m - 2 potions of resistance
 n - 2 potions of might
 t - a potion of heal wounds
 z - 2 potions of magic
Books
 c - a book of Changes

   Spells                             Type                      Level
   a - Beastly Appendage              Transmutation                1
   b - Sticks to Snakes               Transmutation                2
   c - Spider Form                    Transmutation/Poison         3
   d - Ice Form                       Ice/Transmutation            4
   e - Blade Hands                    Transmutation                5
 A - a Necronomicon

   Spells                             Type                      Level
   a - Haunt                          Necromancy/Summoning         7
   b - Borgnjor's Revivification      Necromancy                   8
   c - Death's Door                   Charms/Necromancy            8
   d - Necromutation                  Transmutation/Necromancy     8
Comestibles
 d - 9 bread rations
 k - 6 meat rations
 C - 2 chunks of flesh


   Skills:
 + Level 1.7 Fighting
 - Level 4.2 Armour
 - Level 7.1 Dodging
 + Level 8.1 Unarmed Combat
 - Level 2.0 Spellcasting
 - Level 6.1 Transmutations
 - Level 6.0 Poison Magic


You had 2 spell levels left.
You knew the following spells:

 Your Spells              Type           Power        Failure   Level  Hunger
a - Beastly Appendage     Trmt           ###...       8%          1    ##.....
b - Sticks to Snakes      Trmt           ###.....     12%         2    ###....
c - Spider Form           Trmt/Pois      ###.......   21%         3    ####...
d - Blade Hands           Trmt           ###.......   82%         5    ######.


Dungeon Overview and Level Annotations

Branches:
Dungeon (8/15)             Temple (1/1) D:5            Lair (0/8) D:8

Altars:
Ashenzari
Dithmenos
Elyvilon
Fedhas
Gozag
Kikubaaqudgha
Makhleb
Okawaru
Pakellas
Qazlal
Ru
Sif Muna
Trog
Vehumet
Xom
Yredelemnul
Zin
The Shining One

Annotations:
D:8 Gastronok


Innate Abilities, Weirdness & Mutations

You cannot wear boots.
((Your serpentine skin is tough (AC +3).))
You have supernaturally acute eyesight.
((Armour fits poorly on your strangely shaped body.))
((Your system is resistant to poisons.))
((You cover ground very slowly.))
You have a slow metabolism.
You can spit poison.


Message History

You feel like a meek peon again.
You bite Gastronok!
Gastronok is heavily wounded.
You hit Gastronok.
Gastronok is heavily wounded.
Gastronok waves his eye-stalks in wide circles.
The air twists around and strikes you!
* * * LOW HITPOINT WARNING * * *
You hit Gastronok.
Gastronok is heavily wounded.
You bite Gastronok!
Gastronok is heavily wounded.
Gastronok closely misses you.
You bite Gastronok!
Gastronok is severely wounded.
You hit Gastronok.
Gastronok is severely wounded.
Gastronok waves his eye-stalks in wide circles.
The air twists around and strikes you!
You die...

. ..##........#########
.
....#.###.##....##...##
. #.##..........## .#
#.#............#
#.#......>.....#
#.#............#
#.##.......)..##
....###...##...## ...
##s####### . #... #.w#
.# ...###>## ... ...#.#
..# . #.#.# #.## #.
#...# ##..# #..
##..##### ....###
#...#.......## ..#...
.............##


You could see Gastronok.

Vanquished Creatures
  A death yak (D:8)
  An unseen horror (D:7)
  An elephant (D:8)
  Joseph (D:7)
  A spriggan (D:7)
  A wyvern (D:8)
  A sky beast (D:5)
  A phantom (D:4)
  An ogre (D:8)
  5 giant frogs
  2 scorpions (D:4)
  A howler monkey (D:7)
  A giant frog zombie (D:6)
  4 crimson imps
  8 hounds
  2 jellies
  A gnoll shaman (D:7)
  3 orc priests
  4 orc wizards
  4 iguanas
  6 worker ants
  2 sheep (D:7)
  A hound skeleton (D:6)
  12 adders
  7 gnolls
  A river rat (Sewer)
  An ooze (D:7)
  An adder zombie (D:6)
  A worm (D:3)
  3 dart slugs
  3 giant geckos
  16 orcs
  2 ball pythons
  6 giant cockroaches
  11 hobgoblins
  2 jackals (D:4)
  5 kobolds
  4 quokkas
  12 bats
  A giant cockroach zombie (D:6)
  11 giant newts
  2 gnoll zombies (D:5)
  6 goblins
  11 rats
171 creatures vanquished.

Notes
Turn   | Place    | Note
--------------------------------------------------------------
     0 | D:1      | HaroldButt the Naga Transmuter began the quest for the Orb.
     0 | D:1      | Reached XP level 1. HP: 18/18 MP: 3/3
   108 | D:1      | Reached XP level 2. HP: 23/25 MP: 5/5
   194 | D:1      | Found a glowing golden altar of the Shining One.
   340 | D:1      | Learned a level 2 spell: Sticks to Snakes
   768 | D:1      | Reached XP level 3. HP: 21/31 MP: 6/6
  1114 | D:2      | Reached skill level 4 in Unarmed Combat
  1137 | D:1      | Reached XP level 4. HP: 25/38 MP: 7/7
  1714 | D:1      | Reached XP level 5. HP: 25/44 MP: 8/8
  1994 | D:2      | Learned a level 3 spell: Spider Form
  2298 | D:3      | Reached skill level 1 in Poison Magic
  2565 | D:3      | Found a glowing drain.
  2577 | Sewer    | Entered a sewer
  2587 | Sewer    | Reached skill level 5 in Unarmed Combat
  2600 | Sewer    | Reached XP level 6. HP: 26/51 MP: 7/9
  2968 | Sewer    | Got an encrusted leather armour
  3016 | Sewer    | Identified the +0 leather armour of Ennui {rF- Regen+ Int+2 Dex+4} (You found it in a sewer)
  3781 | D:4      | Noticed a phantom
  3840 | D:4      | Found an ancient bone altar of Kikubaaqudgha.
  4179 | D:4      | Killed a phantom
  4179 | D:4      | Reached XP level 7. HP: 46/57 MP: 10/10
  4370 | D:4      | Found a blossoming altar of Fedhas.
  4438 | D:4      | Reached skill level 5 in Transmutations
  4676 | D:5      | Entered Level 5 of the Dungeon
  4802 | D:5      | Found a basalt altar of Yredelemnul.
  5095 | D:5      | Found a staircase to the Ecumenical Temple.
  5110 | Temple   | Entered the Ecumenical Temple
  5295 | Temple   | Became a worshipper of Warmaster Okawaru
  5392 | D:5      | Found a white marble altar of Elyvilon.
  5393 | D:5      | Found a blossoming altar of Fedhas.
  5418 | D:5      | Reached skill level 6 in Unarmed Combat
  5512 | D:5      | Reached skill level 5 in Poison Magic
  5624 | D:6      | Found a glowing silver altar of Zin.
  5633 | D:6      | Found an oddly glowing altar of Pakellas.
  5643 | D:6      | Found a shattered altar of Ashenzari.
  5746 | D:6      | Reached XP level 8. HP: 64/64 MP: 9/11
  5890 | D:6      | Found a sacrificial altar of Ru.
  6170 | D:6      | Learned a level 5 spell: Blade Hands
  6514 | D:6      | Reached * piety under Okawaru
  6735 | D:7      | Reached skill level 7 in Unarmed Combat
  6758 | D:7      | Found a shimmering altar of Xom.
  6984 | D:7      | Noticed Joseph
  6996 | D:7      | Killed Joseph
  6996 | D:7      | Reached skill level 1 in Armour
  7092 | D:7      | Reached XP level 9. HP: 70/70 MP: 12/12
  7476 | D:7      | Reached ** piety under Okawaru
  7476 | D:7      | Reached skill level 8 in Unarmed Combat
  7754 | D:8      | Found a staircase to the Lair.
  7754 | D:8      | Noticed an elephant
  7755 | D:8      | Noticed a death yak
  7772 | D:8      | Noticed Gastronok
  7986 | D:8      | Noticed an unseen horror
  8018 | D:7      | Killed an unseen horror
  8018 | D:7      | Reached *** piety under Okawaru
  8018 | D:7      | Reached skill level 5 in Dodging
  8958 | D:8      | Killed an elephant
  8958 | D:8      | Reached XP level 10. HP: 54/78 MP: 10/13
  9163 | D:8      | Killed a death yak
  9163 | D:8      | Reached **** piety under Okawaru
  9228 | D:8      | Found a radiant altar of Vehumet.
  9390 | D:8      | Killed from afar by Gastronok

Vault maps used:
D:1:      dpeg_arrival_subterranean_lakeside_camping, kennysheep_doodads,
          tso_metal_star
D:2:      kennysheep_generic_room_8
D:3:      first_bread, portal_sewer_entry_d
D:4:      nicolae_overflow_hidden_temple, fedhas_altar_4
D:5:      lemuel_zombie_altar_yredelemnul, gammafunk_temple_overflow_statue,
          minmay_temple_entry_junction2, serial_bayou_pond_b,
          minmay_misc_feat_columns
D:6:      nicolae_ru_sacrificial_ziggurat, gammafunk_temple_overflow_forgotten
D:7:      basic_altar, the_bakery, uniq_joseph
D:8:      nemelex_xobeh_ov_fountains_minmay, nicolae_overflow_crystal_walls,
          david_lair_generic, uniq_gastronok
Temple:   minmay_temple_curvy_8
Sewer:    sewer_co_cracked_pipes

Skill      XL: |  1  2  3  4  5  6  7  8  9 10 |
---------------+-------------------------------+-----
Unarmed Combat | 4 5 6 7 8 |  8.1
Transmutations | 3 4 5 6 |  6.1
Poison Magic   | 1 4 5 6 |  6.0
Armour         | 2 3 4 |  4.2
Dodging        | 2 6 7 |  7.1
Fighting       | |  1.7
Spellcasting   | |  2.0

Action                   |  1- 3 |  4- 6 |  7- 9 | 10-12 || total
-------------------------+-------+-------+-------+-------++-------
Melee: Unarmed           |   103 |   202 |   332 |    84 ||   721
       Punch             |     1 |     2 |     6 |     1 ||    10
       Headbutt          |       |    10 |    55 |     4 ||    69
 Cast: Beastly Appendage |     2 |    12 |    36 |     1 ||    51
       Spider Form       |       |       |     1 |     2 ||     3
Invok: Heroism           |       |       |     1 |     1 ||     2
 Abil: Spit Poison       |    20 |    40 |    36 |     1 ||    97
Evoke: Wand              |       |       |     1 |       ||     1
  Use: Scroll            |     1 |    12 |     7 |       ||    20
       Potion            |       |     3 |     1 |     1 ||     5
 Stab: Sleeping          |       |     3 |     4 |       ||     7
  Eat: Chunk             |     1 |    10 |    11 |       ||    22
       Beef jerky        |       |     1 |       |       ||     1
       Royal jelly       |       |       |     1 |       ||     1
       Bread ration      |       |       |     1 |       ||     1
Armor: Robe              |    19 |    48 |   112 |    16 ||   195
Dodge: Dodged            |    52 |   106 |   182 |    51 ||   391
